 Dungeon Crawl Stone Soup version 0.28-a0-1447-ga5a8893891 (webtiles) character file.

Game seed: 16547235032290611671

27247 flotson the Fighter (level 13, -3/101 HPs)
             Began as a Demonspawn Gladiator on Jan 12, 2022.
             Was an Initiate of Gozag.
             Slain by a death yak (19 damage)
             ... on level 4 of the Lair of Beasts.
             The game lasted 00:24:54 (15217 turns).

flotson the Fighter (Demonspawn Gladiator)         Turns: 15217, Time: 00:24:54

Health: -3/101     AC: 10    Str: 19    XL:     13   Next: 3%
Magic:  0/13       EV: 18    Int: 17    God:    Gozag
Gold:   2260       SH:  6    Dex: 21    Spells: 12/12 levels left

rFire   . . .      SeeInvis .   a - +10 war axe of Urgency {vorpal, Int+4}
rCold   + . .      Faith    .   o - +0 buckler
rNeg    . . .      Spirit   +   i - +2 ring mail {rC+}
rPois   .          Reflect  .   (helmet restricted)
rElec   .          Harm     .   O - scarf {shadows}
rCorr   .          Rampage  .   z - +0 pair of gloves
Will    +....                   (no boots)
Stlth   ++........              M - amulet of guardian spirit
HPRegen 0.26/turn               f - +6 ring of dexterity
MPRegen 0.13/turn               w - ring of Fesuva {+Blink Will+ Int+3 Stlth+}

@: gold aura
A: horns 2, repulsion field 1, ignite blood 2, spiny 2
a: Renounce Religion, Evoke Blink, Potion Petition, Call Merchant, Bribe Branch


You were on level 4 of the Lair of Beasts.
You worshipped Gozag.
Gozag was most pleased with you.
You visited 3 branches of the dungeon, and saw 15 of its levels.
You also visited: Ossuary and Gauntlet.

You collected 2592 gold pieces.
You spent 224 gold pieces at shops.
You paid 108 gold pieces to Gozag.

Inventory:

Hand Weapons
 a - the +10 war axe of Urgency (weapon) {vorpal, Int+4}
   (You bought it in a shop on level 1 of the Dungeon)

   It inflicts extra damage upon your enemies.
   Int:       It affects your intelligence (+4).
 b - the +4 hunting sling of Aceubagg {flame, rPois Int-2 Dex+4}
   (You bought it in a shop on level 1 of the Dungeon)

   Any ammunition fired from it burns those it strikes, dealing additional fire
   damage.
   Int:       It affects your intelligence (-2).
   Dex:       It affects your dexterity (+4).
   rPois:     It protects you from poison.
 E - a +0 broad axe
 S - a +4 scimitar of flaming
Missiles
 d - a throwing net
 e - 3 datura-tipped darts
 n - 39 sling bullets
 x - 46 poisoned darts
 D - 12 javelins
 R - a curare-tipped dart (quivered)
 V - 2 silver javelins
Armour
 h - a +2 cloak of stealth
 i - a +2 ring mail of cold resistance (worn)
 m - the +1 scale mail of Piot {*Slow rPois Int+2}
   (You found it on level 2 of the Dungeon)

   Int:       It affects your intelligence (+2).
   rPois:     It protects you from poison.
   *Slow:     It may slow you when you take damage.
 o - a +0 buckler (worn)
 z - a +0 pair of gloves (worn)
 O - a scarf of shadows (worn)
Jewellery
 c - a ring of resist corrosion
 f - a +6 ring of dexterity (left hand)
 p - a ring of willpower
 w - the ring of Fesuva (right hand) {+Blink Will+ Int+3 Stlth+}
   (You found it in a Gauntlet)

   [ring of willpower]

   Int:       It affects your intelligence (+3).
   +Blink:    It lets you blink.
   Will:      It increases your willpower.
   Stlth:     It makes you more stealthy.
 L - a ring of fire
 M - an amulet of guardian spirit (around neck)
 T - a ring of ice
Wands
 I - a wand of iceblast (12)
 P - a wand of paralysis (12)
 U - a wand of mindburst (9)
Scrolls
 g - 5 scrolls of teleportation
 l - a scroll of enchant weapon {unknown}
 r - 2 scrolls of torment
 s - 2 scrolls of vulnerability {unknown}
 v - 3 scrolls of amnesia {unknown}
 y - a scroll of magic mapping {unknown}
 C - 5 scrolls of blinking
 J - 3 scrolls of summoning {unknown}
 N - a scroll of noise {unknown}
 Q - a scroll of enchant armour {unknown}
 X - a scroll of fear {unknown}
 Y - a scroll of fog {unknown}
 Z - 2 scrolls of immolation {unknown}
Potions
 j - 8 potions of curing
 k - 2 potions of mutation
 q - 3 potions of attraction
 t - 4 potions of berserk rage
 u - 2 potions of heal wounds
 B - a potion of ambrosia
 F - 2 potions of haste
 G - 6 potions of cancellation
 H - 3 potions of lignification
 K - a potion of invisibility
 W - a potion of flight {unknown}
Miscellaneous
 A - a box of beasts


   Skills:
 + Level 9.6 Fighting
 + Level 9.0 Axes
 + Level 8.6 Throwing
 + Level 8.4 Armour
 + Level 8.9 Dodging
 - Level 5.1 Shields
 + Level 6.7 Evocations


You had 12 spell levels left.
You didn't know any spells.
Your spell library contained the following spells:

 Spells                   Type           Power      Damage    Failure   Level
 Magic Dart               Conj           0%         1d3       43%         1
 Shock                    Conj/Air       0%         1d3       43%         1
 Blink                    Tloc           0%         N/A       58%         2
 Searing Ray              Conj           0%         2d4       58%         2
 Static Discharge         Conj/Air       0%         N/A       58%         2
 Conjure Flame            Conj/Fire      0%         6-21      82%         3
 Dazzling Flash           Conj/Hex       0%         N/A       82%         3
 Ignite Poison            Fire/Tmut/Pois 0%         N/A       82%         3
 Lesser Beckoning         Tloc           0%         N/A       82%         3
 Summon Guardian Golem    Hex/Summ       0%         N/A       82%         3
 Swiftness                Air            0%         N/A       82%         3
 Airstrike                Air            0%         N/A       99%         4
 Dispel Undead            Necr           0%         3d6       99%         4
 Fulminant Prism          Conj/Hex       0%         3d6       99%         4
 Iskenderun's Mystic Bla  Conj/Tloc      0%         2d3       99%         4
 Sticky Flame             Conj/Fire      0%         2d3       99%         4
 Lightning Bolt           Conj/Air       0%         1d11      100%        5
 Manifold Assault         Tloc           0%         N/A       100%        5
 Dispersal                Tloc           0%         N/A       100%        6
 Starburst                Conj/Fire      0%         6d3       100%        6
 Orb of Destruction       Conj           0%         N/A       100%        7
 Spellforged Servitor     Conj/Summ      0%         N/A       100%        7
 Disjunction              Tloc           0%         N/A       100%        8
 Maxwell's Capacitive Co  Air            0%         ∞         100%        8


Dungeon Overview and Level Annotations

Branches:
Dungeon (10/15)            Temple (1/1) D:6            Lair (4/6) D:9
Ossuary (visited)         Gauntlet (visited)
  Swamp: Lair:2-4    Shoals: Lair:2-4     Snake: Lair:2-4    Spider: Lair:2-4
    Orc: D:9-12

Altars:
Dithmenos
Gozag
Ru
Sif Muna
Zin

Shops:
D:1 (   D:6 *

Portals:
Abyss: Lair:3

Annotations:
D:9 1 runed translucent door, Strat's ghost, novice HuWz
Lair:3 2 transporters, Dymuschiq's ghost, journeyman MfGl


Innate Abilities, Weirdness & Mutations

You have a pair of horns on your head.
You are surrounded by a mild repulsion field. (EV +2)
Your demonic aura often causes spilled blood to erupt in flames.
You are mostly covered in sharp spines.


Message History

The death yak is severely wounded.
You hit the death yak. The death yak closely misses you. x2
Unknown command.
You hit the death yak but do no damage.
The death yak is severely wounded.
You hit the death yak. You block the death yak's attack.
The death yak gores you.
* * * LOW HITPOINT WARNING * * *
Unknown command.
You slash the death yak!
The death yak is almost dead.
You hit the death yak but do no damage.
The death yak is engulfed in blazing flames.
The death yak completely misses you. The death yak is struck by your spines.
The death yak closely misses you.
The death yak is engulfed in blazing flames.
The death yak is distracted by your dazzling golden aura.
The death yak bellows!
You hit the death yak.
You kill the death yak!
You hit the death yak.
The death yak is engulfed in blazing flames.
The death yak gores you but does no damage.
Your Axes skill increases to level 9!
The death yak is engulfed in blazing flames.
The death yak gores you!!
* * * LOW HITPOINT WARNING * * *
You see here 10 gold pieces.
Unknown command.
The death yak is engulfed in blazing flames.
You hit the death yak. You headbutt the death yak.
The death yak is severely wounded.
The death yak is engulfed in blazing flames.
The death yak misses you.
You slash the death yak!
You kill the death yak!
The death yak is no longer distracted by gold.
The death yak gores you!!
You die...
Your body crumbles into a pile of gold.

..... #......+...
#..... ##.....##..
.....$#########....####
......PP##..###....#
....?.PPP..........####
...................$...
.......°...........$...
......°Y...............
#.....@.°..............
#..........#.###....#..
.......###..## #...###.
.......# #..# #...# ##
#......# #.... ....#
#......# #. .# ...#
#....... .


You could see a death yak.

Vanquished Creatures
  A minotaur (Gauntlet)
  Fannar (D:10)
  A hydra (Lair:2)
  Erica (D:10)
  4 death yaks (Lair:4)
  3 two-headed ogres
  4 sixfirhies (Gauntlet)
  Pikel (D:5)
  3 black mambas
  7 cane toads
  A rime drake (Lair:2)
  An efreet (Gauntlet)
  4 komodo dragons
  A troll (D:10)
  Prince Ribbit (D:7)
  12 blink frogs
  A wraith (D:9)
  2 vampires
  24 yaks
  A wyvern (Lair:2)
  2 fire elementals (Gauntlet)
  Eustachio (D:5)
  3 steam dragons (D:9)
  Grum (D:10)
  10 water moccasins
  Duvessa (D:7)
  2 hell hounds (Gauntlet)
  4 sky beasts
  4 orc warriors
  A hornet zombie (D:5)
  2 black bears
  3 ogres
  3 necrophages
  6 wolves
  A phantom (D:5)
  3 centaurs
  4 lemures (D:5)
  3 kobold brigands
  2 scorpions
  14 bullfrogs
  A gnoll sergeant (D:10)
  5 water moccasin zombies (Ossuary)
  Dowan (D:7)
  6 wights
  2 vampire bats (Lair:3)
  An electric eel (Lair:1)
  A centaur zombie (D:7)
  A bullfrog zombie (D:5)
  3 jellies
  A centaur skeleton (D:7)
  4 orc priests
  A gnoll shaman (D:10)
  7 hounds
  2 iguanas
  6 orc wizards
  2 mummies (Ossuary)
  7 gnolls (D:10)
  6 adders
  A shadow imp (D:5)
  A white imp (D:6)
  2 ufetubi
  3 adder zombies (Ossuary)
  An adder skeleton (D:4)
  3 worms
  4 dart slugs
  32 orcs
  6 ball pythons
  6 endoplasms
  3 giant cockroaches
  6 gnoll zombies (Ossuary)
  10 goblins
  4 hobgoblins
  5 quokkas
  7 bats
  2 frilled lizards
  5 hobgoblin zombies (Ossuary)
  24 kobolds
  5 kobold zombies (Ossuary)
  6 rats
337 creatures vanquished.

Vanquished Creatures (others)
  An orc wizard (D:5)
  4 demonic plants (Gauntlet)
  32 fungi
  33 plants
70 creatures vanquished.

Grand Total: 407 creatures vanquished

Notes
Turn   | Place    | Note
-------+----------+-------------------------------------------
     0 | D:1      | flotson the Demonspawn Gladiator began the quest for the
                  | Orb.
     0 | D:1      | Reached XP level 1. HP: 16/16 MP: 1/1
    41 | D:1      | Found Vik Jeol's Antique Weapon Shoppe.
   161 | D:1      | Gained mutation: Your demonic aura sometimes causes spilled
                  | blood to erupt in flames. [demonic ancestry]
   161 | D:1      | Reached XP level 2. HP: 21/22 MP: 2/2
   615 | D:2      | Gained mutation: You are partially covered in sharp spines.
                  | [demonic ancestry]
   615 | D:2      | Reached XP level 3. HP: 28/28 MP: 3/3
   630 | D:2      | Reached skill level 1 in Armour
   868 | D:2      | Identified the +1 scale mail of Piot {*Slow rPois Int+2}
  1207 | D:1      | Bought a twisted hunting sling for 97 gold pieces
  1207 | D:1      | Identified the +4 hunting sling of Aceubagg {flame, rPois
                  | Int-2 Dex+4} (You bought it in a shop on level 1 of the
                  | Dungeon)
  1477 | D:3      | Reached XP level 4. HP: 34/34 MP: 4/4
  1695 | D:3      | You fall into a shaft and drop 1 floor!
  2114 | D:1      | Bought a warped war axe for 127 gold pieces
  2114 | D:1      | Identified the +10 war axe of Urgency {vorpal, Int+4} (You
                  | bought it in a shop on level 1 of the Dungeon)
  2376 | D:4      | Gained mutation: You are surrounded by a mild repulsion
                  | field. (EV +2) [demonic ancestry]
  2376 | D:4      | Reached XP level 5. HP: 40/40 MP: 5/5
  2686 | D:4      | Reached skill level 1 in Shields
  2850 | D:5      | Entered Level 5 of the Dungeon
  2946 | D:5      | Noticed an ogre
  2946 | D:5      | Noticed a water moccasin
  2953 | D:5      | Killed a water moccasin
  2954 | D:5      | Gained mutation: You have a pair of small horns on your
                  | head. [demonic ancestry]
  2954 | D:5      | Reached XP level 6. HP: 44/47 MP: 6/6
  2985 | D:5      | Noticed a sky beast
  2990 | D:5      | Killed a sky beast
  3089 | D:5      | Reached XP level 7. HP: 45/52 MP: 7/7
  3210 | D:5      | Noticed Eustachio
  3216 | D:5      | Killed Eustachio
  3324 | D:5      | Noticed Pikel
  3933 | D:5      | Killed Pikel
  3934 | D:5      | Reached XP level 8. HP: 61/61 MP: 8/8
  4469 | D:6      | Found Cediy's Lightly-Used Armoury.
  4473 | D:6      | Found a sand-covered staircase.
  4479 | Ossuary  | Entered an ossuary
  4529 | Ossuary  | Reached skill level 5 in Fighting
  4576 | Ossuary  | Reached skill level 5 in Axes
  4576 | Ossuary  | Reached skill level 5 in Dodging
  4842 | D:6      | Found a staircase to the Ecumenical Temple.
  4855 | Temple   | Entered the Ecumenical Temple
  4920 | D:6      | Reached XP level 9. HP: 58/68 MP: 9/9
  5392 | Temple   | Became a worshipper of Gozag Ym Sagoz the Greedy
  5627 | D:7      | Reached skill level 5 in Throwing
  5727 | D:7      | Noticed Prince Ribbit
  5731 | D:7      | Noticed Duvessa
  5733 | D:7      | Killed Prince Ribbit
  5738 | D:7      | Killed Duvessa
  5849 | D:7      | Noticed Dowan
  5853 | D:7      | Reached skill level 5 in Armour
  5854 | D:7      | Killed Dowan
  6975 | D:8      | Reached XP level 10. HP: 69/77 MP: 8/10
  7310 | D:9      | Reached skill level 5 in Shields
  7726 | D:9      | Found a staircase to the Lair.
  7730 | D:9      | Reached skill level 1 in Evocations
  7841 | D:9      | Found a runed translucent door.
  8401 | D:9      | Noticed Strat's ghost (novice HuWz)
  8424 | D:10     | Entered Level 10 of the Dungeon
  8439 | D:10     | Noticed a two-headed ogre
  8439 | D:10     | Noticed a two-headed ogre
  8440 | D:10     | Noticed an ogre mage
  8440 | D:10     | Noticed a two-headed ogre
  8441 | D:10     | Noticed a two-headed ogre
  8442 | D:10     | Noticed Fannar
  8445 | D:10     | Killed a two-headed ogre
  8848 | D:9      | Killed a two-headed ogre
  9098 | D:10     | Noticed Erica
  9435 | D:10     | Noticed a two-headed ogre
  9447 | D:10     | Killed a two-headed ogre
  9448 | D:10     | Gained mutation: Your demonic aura often causes spilled
                  | blood to erupt in flames. [demonic ancestry]
  9448 | D:10     | Reached XP level 11. HP: 50/84 MP: 6/11
  9672 | D:10     | Killed Fannar
  9763 | D:10     | Killed Erica
 10322 | D:10     | Noticed Grum
 10332 | D:10     | Killed Grum
 10509 | Lair:1   | Entered Level 1 of the Lair of Beasts
 12030 | Lair:2   | Reached skill level 5 in Evocations
 12163 | Lair:2   | Gained mutation: You have a pair of horns on your head.
                  | [demonic ancestry]
 12163 | Lair:2   | Reached XP level 12. HP: 81/94 MP: 9/12
 12437 | Lair:2   | Noticed a four-headed hydra
 12444 | Lair:2   | Killed a four-headed hydra
 13076 | Lair:3   | Found a transporter.
 13187 | Lair:3   | Found a one-way gate to the infinite horrors of the Abyss.
 13187 | Lair:3   | Noticed Dymuschiq's ghost (journeyman MfGl)
 13204 | Lair:3   | Found a transporter.
 13296 | Lair:3   | Found a gate leading to a gauntlet.
 13302 | Gauntlet | Entered a Gauntlet
 13302 | Gauntlet | Found a transporter.
 13312 | Gauntlet | Found a transporter.
 13324 | Gauntlet | Found a transporter.
 13328 | Gauntlet | Found a transporter.
 13338 | Gauntlet | Found a transporter.
 13365 | Gauntlet | Found a transporter.
 13366 | Gauntlet | Found a transporter.
 13380 | Gauntlet | Found a transporter.
 13408 | Gauntlet | Found a transporter.
 13408 | Gauntlet | Found a transporter.
 13411 | Gauntlet | Found a transporter.
 13445 | Gauntlet | Found a transporter.
 13769 | Gauntlet | Identified the ring of Fesuva {+Blink Will+ Int+3 Stlth+}
 13927 | Gauntlet | Noticed a minotaur
 13941 | Gauntlet | Killed a minotaur
 14748 | Lair:3   | Noticed a radroach
 15045 | Lair:4   | Noticed a death yak
 15051 | Lair:4   | Killed a death yak
 15185 | Lair:4   | Noticed a death yak
 15186 | Lair:4   | Noticed a death yak
 15187 | Lair:4   | Noticed a death yak
 15187 | Lair:4   | Noticed a death yak
 15198 | Lair:4   | Killed a death yak
 15199 | Lair:4   | Gained mutation: You are mostly covered in sharp spines.
                  | [demonic ancestry]
 15199 | Lair:4   | Reached XP level 13. HP: 30/101 MP: 3/13
 15217 | Lair:4   | Slain by a death yak

Illustrated notes

Levels and vault maps discovered:
D:1:      nzn_arrival_settlement, layout_rooms, serial_shops,
          nicolae_shop_statue_plus, minmay_pentomino_q2
D:2:      layout_rooms
D:3:      layout_rooms, mainiacjoe_overflow_catwalk, st_stairs_9,
          hex_intersection
D:4:      layout_cave_pods, minmay_fountain_box
D:5:      layout_layer_cave, st_stairs_3, uniq_pikel, uniq_eustachio
D:6:      layout_loops_ring, minmay_temple_entry_nine_rooms,
          nicolae_ossuary_entry_plus, minmay_shop_damaged, hex_medium
D:7:      minmay_spotlight, layout_rooms, uniq_duvessa, uniq_prince_ribbit1
D:8:      layout_basic, grunt_decor_mini_mirrors, nzn_life_drinkers
D:9:      layout_long_grid, due_lair_maze_entry_diamond,
          ebering_ghost_reflecting_pool, hangedman_misty_isle
D:10:     layout_loops_corners, grunt_decor_fettered, minmay_misc_feat_room,
          uniq_erica, uniq_grum, uniq_fannar
Temple:   mainiacjoe_temple_archimedes_tessellation
Lair:1:   layout_layer_cave, nicolae_quartered_pool_little, lemuel_fruit_tree
Lair:2:   layout_roguey
Lair:3:   layout_small_grid, gauntlet_entry_generic,
          gammafunk_ghost_abyssal_escape, roderic_batcave, grunt_megastairs_4
Lair:4:   layout_regular_city, swamp_mist, spider_nest_entry_web_field

Skill      XL: |  1  2  3  4  5  6  7  8  9 10 11 12 13 |
---------------+----------------------------------------+-----
Throwing       | 2 3 4 5 6 7 8 |  8.6
Axes           | 3 4 5 6 7 8 9 |  9.0
Armour         | 1 2 3 4 5 6 7 8 |  8.4
Dodging        | 3 4 5 6 7 8 |  8.9
Fighting       | 3 4 5 6 7 8 9 |  9.6
Shields        | 1 2 3 4 5 |  5.1
Evocations     | 3 5 6 |  6.7

Action                   |  1- 3 |  4- 6 |  7- 9 | 10-12 | 13-15 || total
-------------------------+-------+-------+-------+-------+-------++-------
Melee: War axe           |    64 |    36 |   167 |   291 |     6 ||   564
       Hand axe          |       |     4 |       |       |       ||     4
       Headbutt          |       |     1 |    32 |    81 |     1 ||   115
 Fire: Hunting sling     |    16 |    12 |    17 |    43 |       ||    88
Throw: Throwing net      |       |       |       |     3 |       ||     3
       Dart              |       |       |       |     1 |       ||     1
Evoke: Wand              |       |       |       |     1 |       ||     1
  Use: Scroll            |       |       |       |    15 |       ||    15
       Potion            |       |       |       |     3 |       ||     3
 Stab: Distracted        |       |       |     2 |     3 |       ||     5
       Held in net/web   |       |       |       |     4 |       ||     4
Armor: Leather armour    |     8 |       |       |       |       ||     8
       Ring mail         |    15 |    10 |    35 |    44 |     1 ||   105
       Scale mail        |     1 |       |       |       |       ||     1
Dodge: Dodged            |    45 |    24 |    91 |   201 |     5 ||   366
Block: Buckler           |       |     8 |    38 |    87 |     1 ||   134

Table legend: (Time is in decaauts)
 A = Elapsed time spent in this place.
 B = Non-inter-level travel time spent in this place.
 C = Inter-level travel time spent in this place.
 D = Time resting spent in this place.
 E = Time spent auto-exploring this place.
 F = Levels seen in this place.
 G = Mean time per level.
                   A        B        C        D        E       F      G
               +--------+--------+--------+--------+--------+-----+--------+
         Total |  15359 |  14547 |    812 |   1146 |  10820 |  17 |  903.5 |
       Dungeon |  10330 |   9703 |    627 |    944 |   7281 |  10 | 1033.0 |
        Temple |     99 |     33 |     66 |      0 |     26 |   1 |   99.0 |
          Lair |   3999 |   3881 |    118 |      0 |   3060 |   4 |  999.8 |
       Ossuary |    205 |    205 |      0 |      0 |    128 |   1 |  205.0 |
      Gauntlet |    724 |    724 |      0 |    202 |    324 |   1 |  724.0 |
               +--------+--------+--------+--------+--------+-----+--------+

Top non-repeatable levels by time:
     D:9: 1868 daAuts
  Lair:3: 1461 daAuts
  Lair:1: 1454 daAuts
    D:10: 1409 daAuts
     D:4: 1254 daAuts
     D:8: 1119 daAuts
     D:5: 1069 daAuts
     D:6: 994 daAuts
     D:1: 955 daAuts
  Lair:2: 879 daAuts
Gauntlet: 724 daAuts
     D:2: 582 daAuts
     D:7: 576 daAuts
     D:3: 500 daAuts
 Ossuary: 205 daAuts
